 Dungeon Crawl Stone Soup version 0.31.0-11-ge490571c62 (webtiles) character file.

Game seed: 3238701784679711687

59 Derpghoster the Ruffian (level 4, -2/40 HPs)
             Began as a Ghoul Monk on Jan 30, 2024.
             Slain by a gnoll
             ... wielding a +0 spear
              (9 damage)
             ... on level 2 of the Dungeon.
             The game lasted 00:02:22 (1050 turns).

Derpghoster the Ruffian (Ghoul Monk)                Turns: 1050, Time: 00:02:22

Health: -2/40      AC:  2    Str: 16    XL:     4   Next: 3%
Magic:  4/4        EV: 12    Int:  9    God:
Gold:   100        SH:  0    Dex: 11    Spells: 3/3 levels left

rFire   . .          .
                       - Unarmed
rCold   + . .        c - orb {light}
rNeg    + + +        a - +0 robe
rPois   ∞            (no helmet)
rElec   .            (no cloak)
rCorr   .            (no gloves)
SInv    .            (no boots)
Will    .....        (no amulet)
Stlth   +            (no ring)
HPRegen 0.00/turn    (no ring)
MPRegen 0.09/turn

%: no passive effects
@: inhibited regen, glowing
A: claws 1, cold resistance 1, negative energy resistance 3, inhibited
regeneration, torment resistance 2, devour on kill
a: no special abilities


You were on level 2 of the Dungeon.
You visited 1 branch of the dungeon, and saw 2 of its levels.

You collected 100 gold pieces.

Inventory:

Armour
 a - a +0 robe (worn)
 c - an orb of light (worn)
Scrolls
 f - 2 scrolls of enchant weapon
Potions
 b - a potion of ambrosia
 d - a potion of mutation {unknown}
 e - a potion of lignification {unknown}
 g - a potion of invisibility {unknown}


   Skills:
 + Level 3.8 Fighting
 + Level 3.2 Dodging
 - Level 0.7 Stealth
 + Level 4.3 Unarmed Combat


You had 3 spell levels left.
You didn't know any spells.
Your spell library was empty.

Dungeon Overview and Level Annotations

Branches:
Dungeon (2/15)

Altars:


Innate Abilities, Weirdness & Mutations

You are immune to poison.
You have sharp fingernails.
Your flesh is cold resistant. (rC+)
You are immune to negative energy. (rN+++)
You do not regenerate when monsters are visible.
You are immune to unholy pain and torment.
You thrive by killing the living.


Message History

A gnoll comes into view. It is wielding a +0 spear.
The gnoll shouts!
You hear an angry hiss.
An adder comes into view.
The adder hisses angrily.
An adder comes into view.
The gnoll closely misses you.
The gnoll hits you from afar with a +0 halberd!
The gnoll closely misses you. The gnoll barely misses you.
You scratch the gnoll.
The gnoll is moderately wounded.
The gnoll closely misses you.
An endoplasm comes into view.
The gnoll hits you but does no damage.
You claw the gnoll!
You kill the gnoll!
You feel better. The gnoll barely misses you.
A ribbon worm comes into view.
You barely miss the adder. The adder barely misses you.
The gnoll hits you from afar with a +0 spear.
You scratch the adder but do no damage. The adder bites you.
The gnoll hits you from afar with a +0 spear!
The adder closely misses you.
You scratch the adder.
The adder is heavily wounded.
The gnoll hits you from afar with a +0 spear.
* * * LOW HITPOINT WARNING * * *
The adder closely misses you.
You claw the adder!
You kill the adder!
You feel better.
The gnoll hits you from afar with a +0 spear.
* * * LOW HITPOINT WARNING * * *
You have reached level 4!
You completely miss the adder. The adder misses you.
The gnoll closely misses you.
You scratch the adder.
The adder is lightly wounded.
The adder bites you but does no damage.
The gnoll hits you from afar with a +0 spear!
You die...

#.<....###.# #......#
#.# #.....####.#
............#
#.#+#.####.>#
#....#..# .##
#.#..#..#
.....#######.#..#..##
#
#..wgS@.....#......#.#
#...J########......#.#
#... #######>.......#
.... ........)..†.###
.## ########...#.####
........#.....
######..#.....
#.........#
#.#..#+##.#


You could see a ribbon worm, a gnoll, an adder and an endoplasm.

Vanquished Creatures
  A gnoll (D:2)
  An adder (D:2)
  A dart slug (D:1)
  2 bats
  2 endoplasms (D:1)
  A giant cockroach (D:1)
  5 goblins (D:1)
  4 hobgoblins (D:1)
  3 jackals (D:1)
  7 kobolds
  A quokka (D:1)
  A ball python (D:1)
  7 frilled lizards (D:1)
  2 rats (D:1)
38 creatures vanquished.

Notes
Turn   | Place    | Note
-------+----------+-------------------------------------------
     0 | D:1      | Derpghoster the Ghoul Monk began the quest for the Orb.
     0 | D:1      | Reached XP level 1. HP: 19/19 MP: 1/1
    45 | D:1      | Reached XP level 2. HP: 19/26 MP: 2/2
   414 | D:1      | Reached XP level 3. HP: 31/31 MP: 3/3
   572 | D:1      | Found a faded altar of an unknown god.
   651 | D:1      | Reached skill level 4 in Unarmed Combat
  1049 | D:2      | Reached XP level 4. HP: 7/40 MP: 4/4
  1050 | D:2      | Slain by a gnoll

Illustrated notes

Levels and vault maps discovered:
D:1:      dpeg_arrival_simpleton_a, layout_basic,
          shapermc_ecumenical_altar_starsandcircs, st_stairs_9
D:2:      layout_basic, minivault_11

Skill      XL: |  1  2  3 |
---------------+----------+-----
Dodging        | 3 |  3.2
Unarmed Combat | 4 |  4.3
Fighting       | |  3.8
Stealth        | |  0.7

Action                     |  1- 3 |  4- 6 || total
---------------------------+-------+-------++-------
  Melee: Unarmed           |    94 |     2 ||    96
    Use: Scroll            |     3 |       ||     3
 Armour: Robe              |    50 |     2 ||    52
  Dodge: Dodged            |    68 |     2 ||    70
